 Dungeon Crawl Stone Soup version 0.25.0-11-g1f837a76a1 (webtiles) character file.

Game seed: 3494594094731729071

81 Flugkiller the Sneak (level 4, 0/21 HPs)
             Began as a Spriggan Enchanter on June 27, 2020.
             Slain by an ogre
             ... wielding a +0 giant club
              (21 damage)
             ... on level 4 of the Dungeon.
             The game lasted 00:03:32 (1761 turns).

Flugkiller the Sneak (Spriggan Enchanter)           Turns: 1761, Time: 00:03:33

Health: 0/21       AC:  2    Str:  4    XL:     4   Next: 19%
Magic:  0/9        EV: 18    Int: 16    God:
Gold:   86         SH:  0    Dex: 17    Spells: 2/8 levels left

rFire    . . .     SeeInvis +   a - +1 dagger
rCold    . . .     Gourm    .   (shield restricted)
rNeg     . . .     Faith    .   b - +0 robe
rPois    .         Spirit   .   (helmet restricted)
rElec    .         Reflect  .   (no cloak)
rCorr    .         Harm     .   (gloves unavailable)
MR       .....                  (boots unavailable)
Stlth    ++++......             (no amulet)
HPRegen  0.07/turn              f - ring of wizardry
MPRegen  0.11/turn              (no ring)

@: very slightly contaminated, very quick
A: very small, unfitting armour, see invisible, herbivore, speed 3, slow
metabolism 2
a: no special abilities


You were on level 4 of the Dungeon.
You were not hungry.

You visited 1 branch of the dungeon, and saw 4 of its levels.

You collected 86 gold pieces.

Inventory:

Hand Weapons
 a - a +1 dagger (weapon)
Missiles
 k - 3 datura-tipped darts (quivered)
Armour
 b - a +0 robe (worn)
Jewellery
 f - a ring of wizardry (left hand)
   (You found it on level 1 of the Dungeon)
Scrolls
 c - a scroll of blinking
 e - a scroll of enchant armour
 g - a scroll of random uselessness {unknown}
 h - 3 scrolls of remove curse
 j - a scroll of amnesia
 m - a scroll of teleportation
Comestibles
 d - 3 rations


   Skills:
 - Level 1.1 Short Blades
 - Level 3.0 Dodging
 + Level 7.8 Stealth
 - Level 2.6 Spellcasting
 - Level 3.6 Hexes


You had 2 spell levels left.
You knew the following spells:

 Your Spells              Type           Power        Failure   Level  Hunger
a - Corona                Hex            ##.....      1%          1    #......
b - Ensorcelled Hibernat  Hex/Ice        #.....       6%          2    ##.....
c - Confusing Touch       Hex            ##......     5%          3    ###....

Your spell library contained the following spells:

 Spells                   Type           Power        Failure   Level  Hunger
 Tukima's Dance           Hex            ##......     5%          3    ###....
 Dazzling Flash           Conj/Hex       #.....       12%         3    ###....


Dungeon Overview and Level Annotations

Branches:
Dungeon (4/15)
 Temple: D:4-7

Altars:

Annotations:
D:3 Purgy


Innate Abilities, Weirdness & Mutations

You are very small and have problems with some larger weapons.
You are too small for most types of armour.
You have supernaturally acute eyesight. (SInv)
You are a herbivore.
You cover ground extremely quickly.
You need to consume almost no food.


Message History

An ogre is nearby!
Unknown command.
Found a scroll of remove curse.
An adder comes into view.
The ogre shouts!
You see here a rapier.
You hit the ogre.
The ogre is lightly wounded.
The ogre completely misses you.
Casting: Corona (safe; 1% risk of failure)
Confirm with . or Enter, or press ? or * to list all spells.
Aiming: Ensorcelled Hibernation (safe; 6% risk of failure)
Press: ? - help, Shift-Dir - straight line, f - adder
Aim: an adder (chance to defeat MR: 48%)
The adder looks drowsy...
The helpless adder fails to defend itself.
You impale the adder!!
You kill the adder!
Casting: Ensorcelled Hibernation (safe; 6% risk of failure)
Confirm with . or Enter, or press ? or * to list all spells.
Aiming: Ensorcelled Hibernation (safe; 6% risk of failure)
Press: ? - help, Shift-Dir - straight line, f - ogre
Aim: an ogre, wielding a +0 giant club (lightly wounded, chance to defeat MR: 38%)
You miscast Ensorcelled Hibernation.
You are very lightly contaminated with residual magic.
Nothing appears to happen.
Casting: Ensorcelled Hibernation (safe; 6% risk of failure)
Confirm with . or Enter, or press ? or * to list all spells.
Aiming: Ensorcelled Hibernation (safe; 6% risk of failure)
Press: ? - help, Shift-Dir - straight line, f/p - ogre
Aim: an ogre, wielding a +0 giant club (chance to defeat MR: 38%)
The ogre resists with some effort.
Casting: Ensorcelled Hibernation (safe; 6% risk of failure)
Confirm with . or Enter, or press ? or * to list all spells.
Aiming: Ensorcelled Hibernation (safe; 6% risk of failure)
Press: ? - help, Shift-Dir - straight line, f/p - ogre
Aim: an ogre, wielding a +0 giant club (chance to defeat MR: 38%)
The ogre resists with some effort.
Casting: Ensorcelled Hibernation (safe; 6% risk of failure)
Confirm with . or Enter, or press ? or * to list all spells.
Aiming: Ensorcelled Hibernation (safe; 6% risk of failure)
Press: ? - help, Shift-Dir - straight line, f/p - ogre
Aim: an ogre, wielding a +0 giant club (chance to defeat MR: 38%)
The ogre looks drowsy...
The helpless ogre fails to defend itself.
You impale the ogre!!
The ogre is almost dead.
The ogre hits you with a +0 giant club!!
Ouch! That really hurt!
You die...

#..###..........#
#..........###.##
#.######...# #.# #.
#.# ##.## #Z# ....
#.#######.#
#.##.....
#.........####....#
#######...........#
#.#O####....#
#.#@<..........
#.#.####.######
#.#.# #.# #.#.# #.#
#.#<# #.. #.#.# ##
#.# #.# #.#


You could see an ogre.

Vanquished Creatures
  A bullfrog skeleton (D:4)
  3 adders
  A dart slug (D:1)
  2 leopard geckos (D:1)
  2 giant cockroaches
  2 goblins
  3 hobgoblins
  6 bats
  A frilled lizard (D:1)
  A kobold (D:1)
  3 rats
25 creatures vanquished.

Notes
Turn   | Place    | Note
-------+----------+-------------------------------------------
     0 | D:1      | Flugkiller the Spriggan Enchanter began the quest for the
                  | Orb.
     0 | D:1      | Reached XP level 1. HP: 9/9 MP: 5/5
   359 | D:1      | Reached skill level 5 in Stealth
   562 | D:1      | Reached XP level 2. HP: 9/13 MP: 2/6
   817 | D:1      | Learned a level 2 spell: Ensorcelled Hibernation
   972 | D:2      | Reached skill level 6 in Stealth
   988 | D:2      | Reached XP level 3. HP: 15/16 MP: 0/8
  1389 | D:3      | Noticed Purgy
  1686 | D:3      | Learned a level 3 spell: Confusing Touch
  1692 | D:4      | Reached skill level 7 in Stealth
  1692 | D:4      | Reached XP level 4. HP: 20/21 MP: 9/9
  1712 | D:4      | Noticed an ogre
  1761 | D:4      | Slain by an ogre

Illustrated notes

Levels and vault maps discovered:
D:1:      dpeg_arrival_line_fractal, layout_rooms
D:2:      layout_loops_ring, first_ration, minmay_liquid_box,
          serial_park_tiny_pond, uniq_sigmund
D:3:      minmay_recursive_quarters, layout_basic, uniq_purgy
D:4:      layout_loops_ring, nicolae_overflow_hidden_temple,
          lemuel_blue_sif_altar, old_standard_altar

Skill      XL: |  1  2  3 |
---------------+----------+-----
Stealth        | 5 6 7 |  7.8
Short Blades   | |  1.1
Dodging        | |  3.0
Spellcasting   | |  2.6
Hexes          | |  3.6

Action                   |  1- 3 |  4- 6 || total
-------------------------+-------+-------++-------
Melee: Dagger            |   102 |     3 ||   105
 Cast: Corona            |    13 |       ||    13
       Ensorcelled Hiber |    11 |     4 ||    15
  Use: Scroll            |     6 |       ||     6
 Stab: Sleeping          |     8 |     2 ||    10
       Distracted        |     1 |       ||     1
Armor: Robe              |    22 |       ||    22
Dodge: Dodged            |   113 |     1 ||   114
